 Dungeon Crawl Stone Soup version 0.30-a0-374-g95c0257040 (webtiles) character file.

Game seed: 2078722086628415846

209 purpskrrrp the Slasher (level 5, -2/42 HPs)
             Began as a Merfolk Monk on Nov 26, 2022.
             Succumbed to a scorpion's poison
             ... on level 4 of the Dungeon.
             The game lasted 00:02:45 (2851 turns).

purpskrrrp the Slasher (Merfolk Monk)               Turns: 2851, Time: 00:02:45

Health: -2/42      AC:  3    Str: 12    XL:     5   Next: 87%
Magic:  5/5        EV: 15    Int:  9    God:
Gold:   165        SH:  0    Dex: 18    Spells: 4/4 levels left

rFire   . . .      SeeInvis .    a - +0 falchion
rCold   . . .      Faith    .    (no shield)
rNeg    . . .      Spirit   .    b - +1 robe
rPois   .          Reflect  .    (no helmet)
rElec   .          Harm     .    (no cloak)
rCorr   .          Rampage  .    (no gloves)
Will    +....                    (no boots)
Stlth   +++.......               (no amulet)
HPRegen 0.27/turn                d - ring of willpower
MPRegen 0.09/turn                (no ring)

@: lethally poisoned (-2 -> -17)
A: (nimble swimmer 2), mertail
a: no special abilities


You were on level 4 of the Dungeon.
You visited 1 branch of the dungeon, and saw 4 of its levels.

You collected 165 gold pieces.

Inventory:

Hand Weapons
 a - a +0 falchion (weapon)
Armour
 b - a +1 robe (worn)
Jewellery
 d - a ring of willpower (left hand)
Wands
 l - a wand of charming (2)
Scrolls
 k - 2 scrolls of enchant weapon {unknown}
 m - a scroll of butterflies {unknown}
 n - a scroll of identify
Potions
 c - a potion of ambrosia
 e - a potion of magic {unknown}
 f - a potion of might
 g - 4 potions of curing {unknown}
 h - a potion of brilliance {unknown}
 i - a potion of flight {unknown}
 j - a potion of cancellation {unknown}


   Skills:
 + Level 4.2 Fighting
 * Level 5.5 Long Blades
 + Level 5.2 Dodging
 + Level 3.6 Stealth


You had 4 spell levels left.
You didn't know any spells.
Your spell library contained the following spells:

 Spells                   Type           Power      Damage    Failure   Level
 Summon Small Mammal      Summ           0%         N/A       38%         1
 Call Canine Familiar     Summ           0%         N/A       77%         3
 Summon Guardian Golem    Hex/Summ       0%         N/A       77%         3
 Petrify                  Tmut/Erth      0%         N/A       99%         4
 Metabolic Englaciation   Hex/Ice        0%         N/A       100%        5
 Statue Form              Tmut/Erth      0%         N/A       100%        6


Dungeon Overview and Level Annotations

Branches:
Dungeon (4/15)
 Temple: D:4-7

Altars:
Okawaru


Innate Abilities, Weirdness & Mutations

((You are very nimble when in or above water. (Stealth+, EV+, Speed+++)))
Your lower body shifts to a powerful aquatic tail in water.


Message History

The scorpion is moderately wounded.
You feel sick. The scorpion completely misses you.
You hit the scorpion.
The scorpion is heavily wounded.
You feel sick. The scorpion closely misses you. The scorpion barely misses you.
You closely miss the scorpion.
The scorpion is heavily wounded.
You feel sick. The scorpion stings you!
You are more poisoned.
The scorpion poisons you!
You hit the scorpion but do no damage.
The scorpion is heavily wounded.
You feel very sick. The scorpion closely misses you.
You are too injured to fight recklessly!
You are too injured to fight recklessly!
You are too injured to fight recklessly!
You are too injured to fight recklessly!
You are too injured to fight recklessly!
You are too injured to fight recklessly!
You are too injured to fight recklessly!
You are too injured to fight recklessly!
You are too injured to fight recklessly!
A scorpion is nearby!
You hit the scorpion.
The scorpion is severely wounded.
You feel very sick. The scorpion stings you.
* * * LOW HITPOINT WARNING * * *
You are lethally poisoned!
The scorpion poisons you!
You closely miss the scorpion.
The scorpion is severely wounded.
* * * LOW HITPOINT WARNING * * *
You feel very sick. The scorpion stings you.
* * * LOW HITPOINT WARNING * * *
You hit the scorpion.
The scorpion is severely wounded.
You die...

#....♣.♣.....#
##...♣.♣.♣....##
###...♣.♣.♣.♣....#
....♣.♣._.♣.♣.#.#
#...♣.♣.♣.♣..#[#
#....♣.♣.♣..)#.#
#.....♣.♣....#.#
#..#...♣..)#...>..
#.s@.........####.
##.#.......###
#.#######.# #. #.#
#. #.# #. #.# #.
.# #.


You could see a scorpion.

Vanquished Creatures
  A scorpion (D:3)
  A hound (D:4)
  2 adders (D:2)
  4 worms
  3 dart slugs
  2 orcs (D:3)
  6 ball pythons
  An endoplasm (D:1)
  A giant cockroach (D:1)
  6 goblins
  4 hobgoblins
  11 jackals
  7 quokkas
  7 bats
  3 frilled lizards
  11 kobolds
  5 rats
75 creatures vanquished.

Vanquished Creatures (others)
  4 plants (D:1)
4 creatures vanquished.

Grand Total: 79 creatures vanquished

Notes
Turn   | Place    | Note
-------+----------+-------------------------------------------
     0 | D:1      | purpskrrrp the Merfolk Monk began the quest for the Orb.
     0 | D:1      | Reached XP level 1. HP: 18/18 MP: 1/1
    88 | D:1      | Reached XP level 2. HP: 24/24 MP: 2/2
   283 | D:1      | Reached XP level 3. HP: 23/29 MP: 3/3
  1071 | D:2      | Reached XP level 4. HP: 37/37 MP: 4/4
  1975 | D:3      | Noticed a scorpion
  1988 | D:3      | Killed a scorpion
  1989 | D:3      | Reached skill level 5 in Long Blades
  1989 | D:3      | Reached skill level 5 in Dodging
  1989 | D:3      | Reached XP level 5. HP: 16/42 MP: 5/5
  2820 | D:4      | Found an iron altar of Okawaru.
  2850 | D:4      | HP: 2/42 [scorpion (6)]
  2851 | D:4      | Succumbed to a scorpion's poison

Illustrated notes

Levels and vault maps discovered:
D:1:      evilmike_arrival_hilbert_curve, layout_basic, serial_bayou_lake_a
D:2:      layout_basic
D:3:      layout_loops_cross
D:4:      layout_loops_ring, okawaru_trees_2, uniq_edmund

Skill      XL: |  1  2  3  4 |
---------------+-------------+-----
Long Blades    | 4 5 |  5.5
Stealth        | 3 |  3.6
Fighting       | 4 |  4.2
Dodging        | 5 |  5.2

Action                   |  1- 3 |  4- 6 || total
-------------------------+-------+-------++-------
Melee: Falchion          |   121 |   131 ||   252
       Punch             |     1 |       ||     1
  Use: Scroll            |     2 |     4 ||     6
 Stab: Sleeping          |     3 |     6 ||     9
       Distracted        |       |     1 ||     1
Armor: Robe              |    35 |    26 ||    61
Dodge: Dodged            |   145 |    87 ||   232

Table legend: (Time is in decaauts)
 A = Elapsed time spent in this place.
 B = Non-inter-level travel time spent in this place.
 C = Inter-level travel time spent in this place.
 D = Time resting spent in this place.
 E = Time spent auto-exploring this place.
 F = Levels seen in this place.
 G = Mean time per level.
                   A        B        C        D        E       F      G
               +--------+--------+--------+--------+--------+-----+--------+
         Total |   2839 |   2801 |     38 |    132 |   2137 |   4 |  709.8 |
       Dungeon |   2839 |   2801 |     38 |    132 |   2137 |   4 |  709.8 |
               +--------+--------+--------+--------+--------+-----+--------+

Top non-repeatable levels by time:
     D:2: 1038 daAuts
     D:3: 863 daAuts
     D:1: 785 daAuts
     D:4: 151 daAuts
